 Dungeon Crawl Stone Soup version 0.25-a0-645-gb4487340cb (webtiles) character file.

Game seed: 1987304577456518758, levelgen mode: deterministic

205 EWolf27 the Chopper (level 5, -4/45 HPs)
             Began as a Hill Orc Fighter on Mar 21, 2020.
             Killed from afar by an orc wizard (6 damage)
             ... with a magic dart
             ... on level 3 of the Dungeon.
             The game lasted 00:15:02 (3573 turns).

EWolf27 the Chopper (Hill Orc Fighter)              Turns: 3573, Time: 00:15:03

Health: -4/45      AC:  8    Str: 20    XL:     5   Next: 83%
Magic:  5/5        EV:  7    Int:  8    God:
Gold:   200        SH:  9    Dex: 10    Spells: 4/4 levels left

rFire    . . .     SeeInvis .   a - +0 war axe
rCold    . . .     Gourm    .   c - +0 kite shield
rNeg     . . .     Faith    .   b - +0 scale mail
rPois    .         Spirit   .   (no helmet)
rElec    .         Reflect  .   g - +0 cloak
rCorr    .         Harm     .   (no gloves)
MR       .....                  (no boots)
Stlth    ..........             (no amulet)
HPRegen  0.15/turn              (no ring)
MPRegen  0.09/turn              (no ring)

@: slowed, very slow
A: no striking features
a: no special abilities


You were on level 3 of the Dungeon.
You were not hungry.

You visited 1 branch of the dungeon, and saw 3 of its levels.

You collected 200 gold pieces.

Inventory:

Hand Weapons
 a - a +0 war axe (weapon)
 p - a +0 flail
 u - a +2 short sword of electrocution
Missiles
 e - 87 stones (quivered)
Armour
 b - a +0 scale mail (worn)
 c - a +0 kite shield (worn)
 g - a +0 cloak (worn)
 n - a +2 pair of gloves
Jewellery
 i - an uncursed ring of fire {unknown}
 t - an uncursed ring of poison resistance {unknown}
Scrolls
 h - a scroll of remove curse {unknown}
 k - 2 scrolls of amnesia {unknown}
 m - a scroll of enchant armour {unknown}
 o - 3 scrolls of identify {unknown}
 q - a scroll of enchant weapon {unknown}
 r - a scroll of magic mapping {unknown}
 x - a scroll of fog {unknown}
Potions
 d - a potion of might
 j - a potion of curing
 l - a potion of ambrosia {unknown}
 s - a potion of haste {unknown}
 v - a potion of resistance {unknown}
Comestibles
 f - 7 rations
 w - 3 chunks of flesh


   Skills:
 - Level 3.6 Fighting
 * Level 7.8 Axes
 - Level 3.2 Armour
 - Level 3.2 Shields


You had 4 spell levels left.
You didn't know any spells.
Your spell library was empty.

Dungeon Overview and Level Annotations

Branches:
Dungeon (3/15)

Altars:
Elyvilon
Fedhas
Hepliaklqana
Sif Muna


Message History

The magic dart hits you but does no damage.
The orc wizard hits you but does no damage. x2
You block the orc wizard's attack.
The orc wizard mumbles some strange words.
The orc wizard blinks!
The orc wizard gestures at you while chanting.
The magic dart hits you.
* * * LOW HITPOINT WARNING * * *
The orc wizard barely misses you. x2
The orc wizard hits you but does no damage.
The orc wizard gestures wildly while chanting.
The orc wizard blinks!
The orc wizard casts a spell at you. The magic dart hits you.
* * * LOW HITPOINT WARNING * * *
The orc wizard hits you but does no damage.
You block the orc wizard's attack.
The orc wizard points at you and mumbles some strange words.
The magic dart hits you.
You die...

...........#####.##.##
###o######...######.# #.#
###.##<###.## #.# #.#).)###.# .
#. #.# ######.8.# ####.#.####
###.# ##...##...##...##.....
....# #>.8..##.##..8.<#...# #
#...# #....##[##....##...#.#
#..##########...@.#####......#.o
.#)............8o.............[.
###.####.............รท.......#
.#..# #####........)).......#
....# #...##..........#.# ##..#
#.#.####.......## # ##..# #...#
#####.### # ....# ###.##### #...
##..# #.......# #.###


You could see an orc wizard.

Vanquished Creatures
  An orc wizard (D:3)
  An orc priest (D:3)
  Terence (D:3)
  5 adders
  A worm (D:2)
  2 dart slugs
  4 leopard geckos
  8 orcs (D:3)
  7 bats
  4 giant cockroaches (D:2)
  8 goblins
  2 hobgoblins
  3 frilled lizards
  8 kobolds
  6 rats
61 creatures vanquished.

Notes
Turn   | Place    | Note
-------+----------+-------------------------------------------
     0 | D:1      | EWolf27 the Hill Orc Fighter began the quest for the Orb.
     0 | D:1      | Reached XP level 1. HP: 19/19 MP: 1/1
   150 | D:1      | Reached skill level 3 in Axes
   304 | D:1      | Reached XP level 2. HP: 23/26 MP: 2/2
   529 | D:1      | Reached skill level 4 in Axes
   585 | D:1      | Reached XP level 3. HP: 16/31 MP: 3/3
   963 | D:2      | Found a shimmering blue altar of Sif Muna.
   965 | D:2      | Found a hazy altar of Hepliaklqana.
   979 | D:2      | Found a white marble altar of Elyvilon.
  1427 | D:1      | Reached skill level 5 in Axes
  1994 | D:2      | Reached XP level 4. HP: 13/39 MP: 4/4
  2261 | D:3      | Reached skill level 6 in Axes
  2267 | D:3      | Reached XP level 5. HP: 41/45 MP: 5/5
  2463 | D:2      | Found a blossoming altar of Fedhas.
  2630 | D:3      | Noticed Terence
  2638 | D:3      | Killed Terence
  2638 | D:3      | Reached skill level 7 in Axes
  3049 | D:3      | HP: 1/45 [orc priest/divine providence (15)]
  3570 | D:3      | HP: 2/45 [orc wizard/magic dart (4)]
  3573 | D:3      | Killed from afar by an orc wizard

Levels and vault maps discovered:
D:1:      lightli_arrival_statue_moat, layout_loops_ring, st_stairs_5,
          kennysheep_boxes
D:2:      layout_rooms, grunt_temple_overflow_open, fedhas_altar_1, st_stairs_7
D:3:      cheibrodos_pilgrimage, layout_loops_cross, first_ration,
          grunt_ministairs_4, st_stairs_9, kennysheep_generic_room_15,
          uniq_grinder, uniq_terence

Skill      XL: |  1  2  3  4  5 |
---------------+----------------+-----
Axes           | 3 4 5 6 7 |  7.8
Fighting       | |  3.6
Armour         | |  3.2
Shields        | |  3.2

Action                   |  1- 3 |  4- 6 || total
-------------------------+-------+-------++-------
Melee: War axe           |   148 |    64 ||   212
  Use: Potion            |     1 |     1 ||     2
  Eat: Chunk             |     2 |     1 ||     3
       Ration            |     1 |     1 ||     2
Armor: Scale mail        |    93 |    54 ||   147
Dodge: Dodged            |    60 |    31 ||    91
Block: Kite shield       |    87 |    47 ||   134

Table legend:
 A = Non-vault XP
 B = Vault XP
 C = Vault XP percentage of total XP
 D = Non-vault monster count
 E = Vault monster count
 F = Vault count percentage of total count
                 A         B        C        D         E       F
            +---------+---------+-------+---------+---------+-------
      Total |     141 |     152 |  51.9 |      49 |      12 |  19.7
            +---------+---------+-------+---------+---------+-------
        D:1 |      44 |       5 |  10.2 |      20 |       3 |  13.0
        D:2 |      70 |       2 |   2.8 |      18 |       1 |   5.3
        D:3 |      27 |     145 |  84.3 |      11 |       8 |  42.1
            +---------+---------+-------+---------+---------+-------
